TOP OF THE 1ST |
Portland Cards batting - Pitching for Nevada Noise : LHP Sloan Sanders
|
Pitching: LHP Sloan Sanders
|
|
Batting: SHB Ken Hernández
|
0-0: Ball 1-0: Fly out, F3 (Popup, 34)
|
Batting: RHB Peter Hensley
|
0-0: Called Strike 0-1: Ball 1-1: Called Strike 1-2: Foul Ball, location: 2F 1-2: Strikes out swinging
|
Batting: LHB Phil Cantrell
|
0-0: Ball 1-0: Ball 2-0: Foul Ball, location: 2F 2-1: Foul Ball, location: 2F 2-2: Foul Ball, location: 2F 2-2: Foul Ball, location: 2F 2-2: Strikes out looking
|
Top of the 1st over - 0 runs, 0 hits, 0 errors, 0 left on base; Portland 0 - Nevada 0 |
BOTTOM OF THE 1ST |
Nevada Noise batting - Pitching for Portland Cards : RHP John Drake
|
Pitching: RHP John Drake
|
|
Batting: RHB Fernando Gálvez
|
0-0: Called Strike 0-1: Foul Ball, location: 2F 0-2: Ball 1-2: Ball 2-2: SINGLE (Line Drive, 7S)
|
Batting: RHB Jim Tracy
|
0-0: Ball 1-0: Ball 2-0: DOUBLE (Line Drive, 7D) Fernando Gálvez to third
|
Batting: LHB Greg Nelson
|
0-0: Ball 1-0: Called Strike 1-1: Foul Ball, location: 2F 1-2: Ball 2-2: Ground out 5-3 (Groundball, 56) Fernando Gálvez scores
|
Batting: RHB Luis Cruz
|
0-0: Hit by Pitch
|
Batting: LHB Dave Reynolds
|
0-0: Fly out, F3 (Flyball, 3D)
|
Batting: RHB Iván Gonzáles
|
0-0: Foul Ball, location: 2F 0-1: Ball 1-1: Ball 2-1: SINGLE (Flyball, 8LS) Jim Tracy to third Luis Cruz to second Runner from 3rd tries for Home, SAFE, no throw
|
Batting: LHB Milton Watson
|
0-0: Called Strike 0-1: Foul Ball, location: 2F 0-2: Ball 1-2: Hit by Pitch Luis Cruz to third Iván Gonzáles to second
|
Batting: SHB Nate Rhodes
|
0-0: Swinging Strike 0-1: Called Strike 0-2: Ball 1-2: Foul Ball, location: 2F 1-2: Ball 2-2: Foul Ball, location: 2F 2-2: Foul Ball, location: 2F 2-2: SINGLE (Groundball, 34S) (infield hit) Luis Cruz scores Iván Gonzáles to third Milton Watson to second
|
Batting: RHB Doug Brown
|
0-0: Ball 1-0: Foul Ball, location: 2F 1-1: Fly out, F7 (Flyball, 7D)
|
Bottom of the 1st over - 3 runs, 4 hits, 0 errors, 3 left on base; Portland 0 - Nevada 3 |
TOP OF THE 2ND |
Portland Cards batting - Pitching for Nevada Noise : LHP Sloan Sanders
|
Batting: RHB Dennis Garner
|
0-0: Fly out, F9 (Flyball, 9S)
|
Batting: LHB Leonardo Medina
|
0-0: Called Strike 0-1: SINGLE (Flyball, 89S)
|
Batting: SHB Marvin Harris
|
0-0: Ball 1-0: Ball Wild Pitch! Leonardo Medina to second 2-0: Ball 3-0: Called Strike 3-1: Base on Balls
|
Batting: RHB Aaron Scott
|
0-0: Ball 1-0: Called Strike 1-1: Ball 2-1: Foul Ball, location: 2F 2-2: Ball 3-2: Fly out, F8 (Flyball, 8RM)
|
Batting: RHB Cristo García
|
0-0: Ground out 3-1 (Groundball, 34S)
|
Top of the 2nd over - 0 runs, 1 hit, 0 errors, 2 left on base; Portland 0 - Nevada 3 |
BOTTOM OF THE 2ND |
Nevada Noise batting - Pitching for Portland Cards : RHP John Drake
|
Batting: RHB Fernando Gálvez
|
0-0: Called Strike 0-1: Foul Ball, location: 2F 0-2: Ball 1-2: Ball 2-2: Ball 3-2: Foul Ball, location: 2F 3-2: SOLO HOME RUN (Flyball, 7LD), Distance : 378 ft
|
Batting: RHB Jim Tracy
|
0-0: Called Strike 0-1: Ball 1-1: Ball 2-1: Ball 3-1: Foul Ball, location: 2F 3-2: Strikes out swinging
|
Batting: LHB Greg Nelson
|
0-0: Ball 1-0: Ball 2-0: Foul Ball, location: 2F 2-1: Swinging Strike 2-2: Foul Ball, location: 2F 2-2: Strikes out swinging
|
Batting: RHB Luis Cruz
|
0-0: Ground out 6-3 (Groundball, 6)
|
Bottom of the 2nd over - 1 run, 1 hit, 0 errors, 0 left on base; Portland 0 - Nevada 4 |
TOP OF THE 3RD |
Portland Cards batting - Pitching for Nevada Noise : LHP Sloan Sanders
|
Batting: RHB Mario Beltrán
|
0-0: Called Strike 0-1: Ball 1-1: Ground out 1-3 (Groundball, P)
|
Batting: SHB Ken Hernández
|
0-0: Called Strike 0-1: Foul Ball, location: 2F 0-2: Ball 1-2: Strikes out swinging
|
Batting: RHB Peter Hensley
|
0-0: Ground out 5-3 (Groundball, 56)
|
Top of the 3rd over - 0 runs, 0 hits, 0 errors, 0 left on base; Portland 0 - Nevada 4 |
BOTTOM OF THE 3RD |
Nevada Noise batting - Pitching for Portland Cards : RHP John Drake
|
Batting: LHB Dave Reynolds
|
0-0: Foul Ball, location: 2F 0-1: Ball 1-1: Foul Ball, location: 2F 1-2: SINGLE (Flyball, 7LS)
|
Batting: RHB Iván Gonzáles
|
0-0: Ball Dave Reynolds steals 2nd base 1-0: Foul Ball, location: 2F 1-1: Called Strike 1-2: Ground out 6-3 (Groundball, 6) Dave Reynolds to third
|
Batting: LHB Milton Watson
|
0-0: Called Strike 0-1: Foul Ball, location: 2F 0-2: Ball 1-2: Ball 2-2: Fly out, F7 (Flyball, 78M) Runner from 3rd tags up, SCORES, throw made
|
Batting: SHB Nate Rhodes
|
0-0: Called Strike 0-1: Ball 1-1: SINGLE (Line Drive, 4D)
|
Batting: RHB Doug Brown
|
0-0: Ball 1-0: Ball 2-0: Fly out, F8 (Flyball, 8LXD)
|
Bottom of the 3rd over - 1 run, 2 hits, 0 errors, 1 left on base; Portland 0 - Nevada 5 |
TOP OF THE 4TH |
Portland Cards batting - Pitching for Nevada Noise : LHP Sloan Sanders
|
Batting: LHB Phil Cantrell
|
0-0: Ground out U3 (Groundball, 3)
|
Batting: RHB Dennis Garner
|
0-0: Ball 1-0: Reached via error on a dropped throw, E3
|
Batting: LHB Leonardo Medina
|
0-0: Ball 1-0: Foul Ball, location: 2F 1-1: Ground out U3 (Groundball, 3) Dennis Garner to second
|
Batting: SHB Marvin Harris
|
0-0: Ball 1-0: Called Strike 1-1: Foul Ball, location: 2F 1-2: Ball 2-2: Ball 3-2: Foul Ball, location: 2F 3-2: Ground out U3 (Groundball, 34S)
|
Top of the 4th over - 0 runs, 0 hits, 1 error, 1 left on base; Portland 0 - Nevada 5 |
BOTTOM OF THE 4TH |
Nevada Noise batting - Pitching for Portland Cards : RHP John Drake
|
Batting: RHB Fernando Gálvez
|
0-0: Fly out, F9 (Flyball, 9S)
|
Batting: RHB Jim Tracy
|
0-0: Foul Ball, location: 2F 0-1: Foul Ball, location: 2F 0-2: Ground out 4-3 (Groundball, 4)
|
Batting: LHB Greg Nelson
|
0-0: Ground out 5-3 (Groundball, 56)
|
Bottom of the 4th over - 0 runs, 0 hits, 0 errors, 0 left on base; Portland 0 - Nevada 5 |
TOP OF THE 5TH |
Portland Cards batting - Pitching for Nevada Noise : LHP Sloan Sanders
|
Batting: RHB Aaron Scott
|
0-0: Called Strike 0-1: Ball 1-1: Ball 2-1: Foul Ball, location: 2F 2-2: SINGLE (Line Drive, 89S)
|
Batting: RHB Cristo García
|
0-0: Ball 1-0: Called Strike 1-1: Foul Ball, location: 2F 1-2: Fly out, F7 (Flyball, 7)
|
Batting: RHB Mario Beltrán
|
0-0: Called Strike 0-1: Fly out, F9 (Flyball, 89M)
|
Batting: SHB Ken Hernández
|
0-0: Ball 1-0: Foul Ball, location: 2F 1-1: Foul Ball, location: 2F 1-2: SINGLE (Flyball, 9S) Aaron Scott to second Runner from 2nd tries for 3rd, OUT!
|
Top of the 5th over - 0 runs, 2 hits, 0 errors, 1 left on base; Portland 0 - Nevada 5 |
BOTTOM OF THE 5TH |
Nevada Noise batting - Pitching for Portland Cards : RHP John Drake
|
Batting: RHB Luis Cruz
|
0-0: Ground out U3 (Groundball, 34)
|
Batting: LHB Dave Reynolds
|
0-0: Called Strike 0-1: SOLO HOME RUN (Flyball, 9D), Distance : 393 ft
|
Batting: RHB Iván Gonzáles
|
0-0: Ball 1-0: Ball 2-0: Called Strike 2-1: Ground out U3 (Groundball, 3S)
|
Batting: LHB Milton Watson
|
0-0: Ball 1-0: Foul Ball, location: 2F 1-1: Ball 2-1: Foul Ball, location: 2F 2-2: Foul Ball, location: 2F 2-2: Ball 3-2: Foul Ball, location: 2F 3-2: Base on Balls
|
Pitching: LHP Jeff Brennan
|
|
Batting: SHB Nate Rhodes
|
0-0: Ball 1-0: Ball 2-0: Ball 3-0: Base on Balls Milton Watson to second
|
Batting: RHB Doug Brown
|
0-0: Called Strike 0-1: Foul Ball, location: 2F 0-2: Ball 1-2: Strikes out swinging
|
Bottom of the 5th over - 1 run, 1 hit, 0 errors, 2 left on base; Portland 0 - Nevada 6 |
TOP OF THE 6TH |
Portland Cards batting - Pitching for Nevada Noise : LHP Sloan Sanders
|
Batting: RHB Peter Hensley
|
0-0: Swinging Strike 0-1: Ball 1-1: Ball 2-1: Called Strike 2-2: Ball 3-2: Base on Balls
|
Batting: LHB Phil Cantrell
|
0-0: Foul Ball, location: 2F 0-1: Ball 1-1: Fielders Choice at 2nd, 3-6 (Groundball, 3)
|
Batting: RHB Dennis Garner
|
0-0: Ball 1-0: Called Strike 1-1: Foul Ball, location: 2F 1-2: Ground out 6-3 (Groundball, 56) Phil Cantrell to second
|
Batting: LHB Leonardo Medina
|
0-0: Called Strike 0-1: Swinging Strike 0-2: Ball 1-2: Fly out, F9 (Flyball, 89M)
|
Top of the 6th over - 0 runs, 0 hits, 0 errors, 1 left on base; Portland 0 - Nevada 6 |
BOTTOM OF THE 6TH |
Nevada Noise batting - Pitching for Portland Cards : LHP Jeff Brennan
|
Batting: RHB Fernando Gálvez
|
0-0: Swinging Strike 0-1: Ball 1-1: Foul Ball, location: 2F 1-2: Foul Ball, location: 2F 1-2: Ball 2-2: Ball 3-2: Base on Balls
|
Batting: RHB Jim Tracy
|
0-0: Foul Ball, location: 2F 0-1: Ball 1-1: Called Strike 1-2: Foul Ball, location: 2F 1-2: Ball 2-2: Ball Throwing error on steal attempt, E2 Fernando Gálvez to third 3-2: Fly out, F4 (Popup, 4MD)
|
Batting: LHB Greg Nelson
|
0-0: DOUBLE (Flyball, 89XD) Fernando Gálvez scores
|
Batting: RHB Luis Cruz
|
0-0: Ground out 5-3 (Groundball, 56)
|
Batting: LHB Dave Reynolds
|
0-0: Called Strike 0-1: Ball 1-1: Ball 2-1: Called Strike 2-2: Ground out 4-3 (Groundball, 4M)
|
Bottom of the 6th over - 1 run, 1 hit, 1 error, 1 left on base; Portland 0 - Nevada 7 |
TOP OF THE 7TH |
Portland Cards batting - Pitching for Nevada Noise : LHP Sloan Sanders
|
Batting: SHB Marvin Harris
|
0-0: Foul Ball, location: 2F 0-1: Foul Ball, location: 2F 0-2: Ball 1-2: Foul Ball, location: 2F 1-2: Strikes out swinging
|
Batting: RHB Aaron Scott
|
0-0: Foul Ball, location: 2F 0-1: Ball 1-1: Called Strike 1-2: Strikes out swinging
|
Batting: RHB Cristo García
|
0-0: Fly out, F8 (Flyball, 8RM)
|
Top of the 7th over - 0 runs, 0 hits, 0 errors, 0 left on base; Portland 0 - Nevada 7 |
BOTTOM OF THE 7TH |
Nevada Noise batting - Pitching for Portland Cards : LHP Jeff Brennan
|
Batting: RHB Iván Gonzáles
|
0-0: Single, Error in OF, E9, batter to second base
|
Batting: LHB Milton Watson
|
0-0: Called Strike 0-1: Ball 1-1: SINGLE (Groundball, 4MD) Iván Gonzáles to third Runner from 3rd tries for Home, SAFE, no throw
|
Batting: SHB Nate Rhodes
|
0-0: SINGLE (Flyball, 5D) Milton Watson to second
|
Batting: RHB Doug Brown
|
0-0: Ball 1-0: Ball 2-0: Called Strike 2-1: Foul Ball, location: 2F 2-2: Foul Ball, location: 2F 2-2: Ground out 6-3 (Groundball, 6S) Milton Watson to third Nate Rhodes to second
|
Batting: RHB Fernando Gálvez
|
0-0: Ball 1-0: Foul Ball, location: 2F 1-1: Ball 2-1: Ball 3-1: Base on Balls
|
Batting: RHB Jim Tracy
|
0-0: Foul Ball, location: 2F 0-1: Ball 1-1: Ball 2-1: Ball 3-1: Base on Balls Milton Watson scores Nate Rhodes to third Fernando Gálvez to second
|
Batting: LHB Greg Nelson
|
0-0: Ball 1-0: Foul Ball, location: 2F 1-1: Called Strike 1-2: Strikes out swinging
|
Batting: RHB Luis Cruz
|
0-0: Ball 1-0: Called Strike 1-1: Ball 2-1: Ball 3-1: Called Strike 3-2: SINGLE (Groundball, 6MD) Nate Rhodes scores Fernando Gálvez to third Jim Tracy to second Fernando Gálvez scores Jim Tracy to third
|
Batting: LHB Dave Reynolds
|
0-0: SINGLE (Line Drive, 8LS) Jim Tracy scores Luis Cruz to second Runner from 2nd tries for 3rd, SAFE, no throw
|
Batting: RHB Iván Gonzáles
|
0-0: Ball 1-0: Called Strike 1-1: SINGLE (Line Drive, 56) Luis Cruz scores Dave Reynolds to second
|
Batting: LHB Milton Watson
|
0-0: Foul Ball, location: 2F 0-1: Called Strike 0-2: Ball 1-2: Ball 2-2: Foul Ball, location: 2F 2-2: Ball 3-2: SINGLE (Line Drive, 7S) Dave Reynolds to third Iván Gonzáles to second Dave Reynolds scores Iván Gonzáles to third
|
Batting: SHB Nate Rhodes
|
Pickoff Throw to First - Out!
|
Bottom of the 7th over - 7 runs, 7 hits, 1 error, 1 left on base; Portland 0 - Nevada 14 |
TOP OF THE 8TH |
Portland Cards batting - Pitching for Nevada Noise : LHP Sloan Sanders
|
Batting: RHB Mario Beltrán
|
0-0: Ball 1-0: Foul Ball, location: 2F 1-1: Foul Ball, location: 2F 1-2: Strikes out looking
|
Batting: SHB Ken Hernández
|
0-0: SINGLE (Groundball, 56D)
|
Batting: RHB Peter Hensley
|
0-0: Swinging Strike 0-1: Ground out 5-3 (Groundball, 56S) Ken Hernández to second
|
Batting: LHB Phil Cantrell
|
0-0: Called Strike 0-1: Ball 1-1: Ball 2-1: Ground out 4-3 (Groundball, 4)
|
Top of the 8th over - 0 runs, 1 hit, 0 errors, 1 left on base; Portland 0 - Nevada 14 |
BOTTOM OF THE 8TH |
Nevada Noise batting - Pitching for Portland Cards : LHP Jeff Brennan
|
Pitching: RHP Brian Hull
|
|
Batting: SHB Nate Rhodes
|
0-0: Fly out, F5 (Flyball, 5D)
|
Batting: RHB Doug Brown
|
0-0: Ball 1-0: SINGLE (Flyball, 8RS) - OUT at second base trying to stretch hit.
|
Batting: RHB Fernando Gálvez
|
0-0: Foul Ball, location: 2F 0-1: Called Strike 0-2: Ball 1-2: Ball 2-2: Ball 3-2: Base on Balls
|
Batting: RHB Jim Tracy
|
0-0: DOUBLE (Flyball, 89XD) Fernando Gálvez to third Runner from 3rd tries for Home, SAFE, throw made at trailing runner, OUT at third!
|
Bottom of the 8th over - 1 run, 2 hits, 0 errors, 0 left on base; Portland 0 - Nevada 15 |
TOP OF THE 9TH |
Portland Cards batting - Pitching for Nevada Noise : LHP Sloan Sanders
|
Batting: RHB Dennis Garner
|
0-0: Called Strike 0-1: Ground out 3-1 (Groundball, 34S)
|
Batting: LHB Leonardo Medina
|
0-0: Ball 1-0: Swinging Strike 1-1: SINGLE (Line Drive, 8RS)
|
Batting: SHB Marvin Harris
|
0-0: Called Strike 0-1: Swinging Strike 0-2: Ball 1-2: Foul Ball, location: 2F 1-2: Foul Ball, location: 2F 1-2: Ball 2-2: Strikes out swinging
|
Batting: RHB Aaron Scott
|
0-0: Ball 1-0: Ball 2-0: Ball 3-0: Base on Balls Leonardo Medina to second
|
Batting: RHB Cristo García
|
0-0: Called Strike 0-1: Ball 1-1: Ball 2-1: SINGLE (Flyball, 7LS) Leonardo Medina to third Aaron Scott to second
|
Batting: RHB Mario Beltrán
|
0-0: Ball 1-0: Called Strike 1-1: Ball 2-1: Swinging Strike 2-2: Foul Ball, location: 2F 2-2: Foul Ball, location: 2F 2-2: Ball 3-2: Foul Ball, location: 2F 3-2: Base on Balls Leonardo Medina scores Aaron Scott to third Cristo García to second
|
Pitching: RHP Elton Johnston
|
|
Batting: SHB Ken Hernández
|
0-0: Called Strike 0-1: Ball 1-1: Ball 2-1: Swinging Strike 2-2: Strikes out looking
|
Top of the 9th over - 1 run, 2 hits, 0 errors, 3 left on base; Portland 1 - Nevada 15 |
|